 Dungeon Crawl Stone Soup version 0.17.0-28-g6e173f8 (webtiles) character file.

443 coffecat the Covert (level 6, -7/30 HPs)
             Began as a Spriggan Assassin on Nov 26, 2015.
             Was an Initiate of Cheibriados.
             Killed from afar by an orc wizard (9 damage)
             ... with a puff of frost
             ... on level 5 of the Dungeon on Nov 27, 2015.
             The game lasted 00:21:28 (2501 turns).

coffecat the Covert (Spriggan Assassin)             Turns: 2501, Time: 00:21:29

Health: -7/30      AC:  3    Str:  8    XL:     6   Next: 71%
Magic:  0/7        EV: 23    Int: 13    God:    Cheibriados [......]
Gold:   97         SH:  0    Dex: 21    Spells: 0 memorised, 5 levels left

rFire  . . .     SeeInvis +     a - +2 dagger
rCold  . . .     Clarity  .     c - +0 robe
rNeg   . . .     SustAt   .     (shield restricted)
rPois  .         Gourm    .     (helmet restricted)
rElec  .         Spirit   +     d - +0 cloak
rCorr  .         Warding  .     (gloves unavailable)
rMut   .         Stasis   .     (boots unavailable)
MR     +....                    j - amulet of guardian spirit
Stlth  +++++.....               (no ring)
                                (no ring)

@: about to teleport, quick, somewhat resistant to hostile enchantments, quite
stealthy
A: unfitting armour, see invisible, herbivore 3, speed 3, slow metabolism 2
a: Bend Time, Renounce Religion


You were on level 5 of the Dungeon.
You worshipped Cheibriados.
Cheibriados was noncommittal.
You were not hungry.

You visited 1 branch of the dungeon, and saw 4 of its levels.

You collected 97 gold pieces.

Inventory:

Hand Weapons
 a - a +2 dagger (weapon)
 b - a +0 blowgun
 u - a +2 falchion of protection
 v - a +0 dagger
 w - a +0 war axe
Missiles
 f - 5 poisoned needles
 q - 18 sling bullets
Armour
 c - a +0 robe (worn)
 d - a +0 cloak (worn)
 x - a +0 ring mail
Jewellery
 j - an amulet of guardian spirit (around neck)
Scrolls
 h - a scroll of recharging {unknown}
 n - 2 scrolls of identify {unknown}
 t - a scroll of enchant weapon {unknown}
Potions
 e - a potion of lignification {unknown}
 i - a potion of agility {unknown}
 k - 2 potions of haste {unknown}
 m - a potion of ambrosia {unknown}
 o - a potion of curing {unknown}
 p - a potion of invisibility {unknown}
 r - a potion of berserk rage {unknown}
Comestibles
 g - 2 bread rations


   Skills:
 + Level 2.0 Fighting
 + Level 2.9 Short Blades
 + Level 3.1 Throwing
 + Level 6.1 Dodging
 + Level 8.8 Stealth
 + Level 0.8 Invocations


You had 5 spell levels left.
You didn't know any spells.

Dungeon Overview and Level Annotations

Branches:
Dungeon (5/15)             Temple (0/1) D:5

Altars:
Cheibriados
Elyvilon
Makhleb
Okawaru
Yredelemnul
Zin

Portals:
Sewer: D:3

Annotations:
D:3 M4edhros's ghost, amateur OpWn


Innate Abilities, Weirdness & Mutations

You are tiny and cannot use many weapons and most armour.
You have supernaturally acute eyesight.
You are a herbivore.
You cover ground extremely quickly.
You need consume almost no food.


Message History

* * * LOW HITPOINT WARNING * * *
The orc wizard points at you and mumbles some strange words.
The magic dart hits you!
* * * LOW HITPOINT WARNING * * *
Things that are here:
a giant club; an ogre skeleton You don't have enough magic at the moment.
Read which item? (? for menu, Esc to quit)
As you read the scroll labeled KYBOOH ILYDAKI, it crumbles to dust.
You feel blessed for a moment.
It was a scroll of remove curse.
The orc wizard closely misses you. The orc wizard completely misses you.
You offer a prayer to Cheibriados.
Cheibriados is noncommittal.
Read which item? (? for menu, Esc to quit)
As you read the scroll labeled MUV RIB MAUMN, it crumbles to dust.
You feel strangely unstable.
It was a scroll of teleportation.
The orc wizard casts a spell at you. The puff of frost hits you!
You die...

...#..#..#.#.######...####.#
#.# ####.........# #...# #.#
#.## #.##....### #...#
#.###... ####.##....#
###...####.......
...#.......#
#.......######.#.
....###.#### #.##.##.###
#.## ........# #.##......##
#.#. ....#####
#####.##........ #... ...##
#..o@.##.##.#.## .##. ..##
#o##......>...# #. #. ###
#.###..÷....#.## . #. #o#
####<....... #. #.#
#†....... ## #o# #.######.
####.# #.# ###...o######.###
#....[....#.....#


You could see an orc wizard (invisible) and an orc.

Vanquished Creatures
  2 ogres (D:5)
  A scorpion (D:5)
  A giant frog zombie (D:5)
  A jelly (D:5)
  An iguana (D:5)
  3 worker ants (D:5)
  An adder (D:5)
  A shadow imp (D:5)
  A worm (D:2)
  4 giant geckos
  7 orcs
  6 giant cockroaches
  5 goblins
  3 hobgoblins
  5 bats
  2 giant newts (D:1)
  3 kobolds
  3 quokkas
  3 rats
53 creatures vanquished.

Notes
Turn   | Place    | Note
--------------------------------------------------------------
     0 | D:1      | coffecat the Spriggan Assassin began the quest for the Orb.
     0 | D:1      | Reached XP level 1. HP: 10/10 MP: 2/2
    45 | D:1      | Reached skill level 6 in Stealth
   174 | D:1      | Reached XP level 2. HP: 8/14 MP: 3/3
   760 | D:3      | Found a glowing drain.
   829 | D:3      | Reached XP level 3. HP: 11/18 MP: 4/4
   880 | D:3      | Found an iron altar of Okawaru.
   881 | D:3      | Found a glowing silver altar of Zin.
   904 | D:3      | Found a burning altar of Makhleb.
   904 | D:3      | Found a snail-covered altar of Cheibriados.
   905 | D:3      | Found a white marble altar of Elyvilon.
   908 | D:3      | Found a basalt altar of Yredelemnul.
   920 | D:3      | Became a worshipper of Cheibriados the Contemplative
  1036 | D:3      | Found a faded altar to an unknown god.
  1071 | D:3      | Reached skill level 7 in Stealth
  1103 | D:3      | Noticed M4edhros's ghost (amateur OpWn)
  1114 | D:3      | You fall through a shaft for 2 floors!
  1114 | D:5      | Entered Level 5 of the Dungeon
  1330 | D:5      | Reached XP level 4. HP: 22/22 MP: 5/5
  1580 | D:5      | Reached XP level 5. HP: 7/26 MP: 2/6
  1875 | D:5      | Reached skill level 8 in Stealth
  1894 | D:5      | Found a staircase to the Ecumenical Temple.
  1972 | D:5      | Noticed an ogre
  2009 | D:5      | Killed an ogre
  2009 | D:5      | Reached skill level 5 in Dodging
  2009 | D:5      | Reached XP level 6. HP: 30/30 MP: 5/7
  2118 | D:5      | Noticed an ogre
  2137 | D:5      | Killed an ogre
  2152 | D:5      | Found a runed door.
  2162 | D:5      | Noticed a scorpion
  2197 | D:5      | Killed a scorpion
  2456 | D:5      | Noticed an orc warrior
  2457 | D:5      | Noticed an orc warrior
  2496 | D:5      | HP: 1/30 [orc wizard/magic dart (2)]
  2501 | D:5      | Killed from afar by an orc wizard

Action                   |  1- 3 |  4- 6 || total
-------------------------+-------+-------++-------
Melee: Dagger            |   132 |    86 ||   218
 Fire: Blowgun           |    15 |     9 ||    24
Invok: Bend Time         |       |     1 ||     1
  Use: Scroll            |       |     2 ||     2
 Stab: Sleeping          |     9 |     7 ||    16
       Distracted        |     1 |       ||     1
